 Dungeon Crawl Stone Soup version 0.30-a0-737-gf23d94013f (webtiles) character file.

Game seed: 8860697392679513723

1 cowhearter the Trooper (level 1, -1/18 HPs)
             Began as a Demonspawn Monk on Feb 2, 2023.
             Slain by a goblin
             ... wielding a +1 dagger of protection
              (2 damage)
             ... on level 1 of the Dungeon.
             The game lasted 00:00:20 (95 turns).

cowhearter the Trooper (Demonspawn Monk)              Turns: 95, Time: 00:00:20

Health: -1/18      AC:  2    Str: 11    XL:     1   Next: 16%
Magic:  1/1        EV: 13    Int: 11    God:
Gold:   6          SH:  0    Dex: 15    Spells: 0/0 levels left

rFire   . . .      SeeInvis .      - Unarmed
rCold   . . .      Faith    .    (no shield)
rNeg    . . .      Spirit   .    a - +0 robe
rPois   .          Reflect  .    (no helmet)
rElec   .          Harm     .    (no cloak)
rCorr   .          Rampage  .    (no gloves)
Will    .....                    (no boots)
Stlth   ++                       (no amulet)
HPRegen 0.23/turn                (no ring)
MPRegen 0.07/turn                (no ring)

@: no status effects
A: no striking features
a: no special abilities


You were on level 1 of the Dungeon.
You visited 1 branch of the dungeon, and saw 1 of its levels.

You collected 6 gold pieces.

Inventory:

Armour
 a - a +0 robe (worn)
Scrolls
 c - a scroll of noise {unknown}
Potions
 b - a potion of ambrosia


   Skills:
 + Level 3.0 Fighting
 + Level 2.7 Dodging
 + Level 1.7 Stealth
 * Level 2.7 Unarmed Combat


You couldn't memorise any spells.
You didn't know any spells.
Your spell library was empty.

Dungeon Overview and Level Annotations

Branches:
Dungeon (1/15)

Altars:


Message History

The bat hits you but does no damage.
The goblin hits you with a +1 dagger of protection.
The hobgoblin misses you.
You hit the hobgoblin but do no damage.
The hobgoblin is moderately wounded.
The goblin hits you but does no damage.
The hobgoblin hits you but does no damage.
You closely miss the hobgoblin.
The hobgoblin is moderately wounded.
The bat closely misses you. The goblin barely misses you.
The hobgoblin hits you.
You closely miss the hobgoblin.
The hobgoblin is moderately wounded.
The goblin hits you with a +1 dagger of protection.
The hobgoblin barely misses you. The bat hits you but does no damage.
You closely miss the hobgoblin.
The hobgoblin is moderately wounded.
The bat hits you but does no damage. The hobgoblin hits you.
* * * LOW HITPOINT WARNING * * *
The goblin hits you with a +1 dagger of protection.
* * * LOW HITPOINT WARNING * * *
The bat hits you.
* * * LOW HITPOINT WARNING * * *
The goblin barely misses you. The bat attacks as you move away!
The bat hits you but does no damage. The bat barely misses you.
The giant cockroach waves its antennae.
You hit the goblin but do no damage. The bat hits you but does no damage.
The goblin barely misses you.
You closely miss the goblin. The bat hits you but does no damage.
The goblin hits you but does no damage.
You closely miss the goblin.
The giant cockroach bites you but does no damage.
The bat misses you. The goblin misses you.
You hit the giant cockroach but do no damage.
The bat hits you.
* * * LOW HITPOINT WARNING * * *
The giant cockroach closely misses you.
The goblin hits you with a +1 dagger of protection.
You die...

#######.......#..#....
............#.#....#.#
.#########.....#...... .
.####### ###.#.#.#..##..
.......# ###)...........
....#..# #.......##...##..
....#..# #.........##....
.......###....b.B#...#
.##....#......##@gg#
.......#.#########B.......
.........# ##.......
...##...## ......#
.......## ......# ..~....#
......+ .~~...## ......#
≈.≈~..# ......# ~..≈~.#


You could see 2 giant cockroaches, a hobgoblin, a goblin and a bat.

Vanquished Creatures
  A goblin (D:1)
1 creature vanquished.

Notes
Turn   | Place    | Note
-------+----------+-------------------------------------------
     0 | D:1      | cowhearter the Demonspawn Monk began the quest for the Orb.
     0 | D:1      | Reached XP level 1. HP: 18/18 MP: 1/1
    95 | D:1      | Slain by a goblin

Illustrated notes

Levels and vault maps discovered:
D:1:      dpeg_arrival_more_subterranean_lakeside_camping, layout_basic,
          hangedman_decor_peaks_small

Action                     || total
---------------------------++-------
  Melee: Unarmed           ||    19
 Armour: Robe              ||    11
  Dodge: Dodged            ||    19

Table legend: (Time is in decaauts)
 A = Elapsed time spent in this place.
 B = Non-inter-level travel time spent in this place.
 C = Inter-level travel time spent in this place.
 D = Time resting spent in this place.
 E = Time spent auto-exploring this place.
 F = Levels seen in this place.
 G = Mean time per level.
                   A        B        C        D        E       F      G
               +--------+--------+--------+--------+--------+-----+--------+
         Total |     94 |     94 |      0 |      0 |     65 |   1 |   94.0 |
       Dungeon |     94 |     94 |      0 |      0 |     65 |   1 |   94.0 |
               +--------+--------+--------+--------+--------+-----+--------+

Top non-repeatable levels by time:
     D:1: 94 daAuts
